NCAA
KENTUCKY WILDCATS @ SOUTHERN CALIFORNIA TROJANS
04/23/2030
 
TOP OF THE 1ST
Kentucky Wildcats batting - Pitching for Southern California Trojans : RHP Russ Hammond
Pitching: RHP Russ Hammond
Batting: RHB Travis Kramer 0-0: Ball
1-0: Ground out U3 (Groundball, 34S)
Batting: RHB Chris Young 0-0: Foul Ball, location: 2F
0-1: SOLO HOME RUN (Flyball, 7LD), Distance : 338 ft
Batting: RHB Billy Forbes 0-0: Ball
1-0: Swinging Strike
1-1: SINGLE (Groundball, 6MD)
Batting: RHB Sam Robinson 0-0: Ball
1-0: Ball
2-0: Called Strike
2-1: Ball
3-1: Foul Ball, location: 2F
3-2: Base on Balls
Billy Forbes to second
Batting: RHB Johnny Carson 0-0: Ball
1-0: Ball
Wild Pitch!
Billy Forbes to third
Sam Robinson to second
2-0: Foul Ball, location: 2F
2-1: Swinging Strike
2-2: SINGLE (Line Drive, 4D)
Billy Forbes scores
Sam Robinson to third
Runner from 3rd tries for Home, SAFE, no throw
Batting: LHB Nick Moore 0-0: Called Strike
0-1: Ball
1-1: Ball
2-1: Swinging Strike
2-2: Strikes out swinging
Batting: RHB Ken Jenkins 0-0: Ground out 4-3 (Groundball, 34)
Top of the 1st over - 3 runs, 3 hits, 0 errors, 1 left on base; Kentucky 3 - Southern California 0
BOTTOM OF THE 1ST
Southern California Trojans batting - Pitching for Kentucky Wildcats : LHP Matthew Samuels
Pitching: LHP Matthew Samuels
Batting: RHB John Graham 0-0: Ball
1-0: Ground out 6-3 (Groundball, 56)
Batting: RHB Aaron González 0-0: Called Strike
0-1: Ground out 6-3 (Groundball, 6)
Batting: RHB Homer Griffin 0-0: Swinging Strike
0-1: Ball
1-1: Ground out 1-3 (Groundball, 13S)
Bottom of the 1st over - 0 runs, 0 hits, 0 errors, 0 left on base; Kentucky 3 - Southern California 0
TOP OF THE 2ND
Kentucky Wildcats batting - Pitching for Southern California Trojans : RHP Russ Hammond
Batting: RHB Jamal Martínez 0-0: Ball
1-0: SINGLE (Groundball, 4MD)
Batting: RHB Ken Walsh 0-0: Ball
1-0: Ball
2-0: Swinging Strike
2-1: Called Strike
2-2: Foul Ball, location: 2F
2-2: Foul Ball, location: 2F
2-2: Strikes out swinging
Batting: RHB Travis Kramer 0-0: Ball
1-0: Called Strike
1-1: Ball
2-1: Swinging Strike
2-2: Foul Ball, location: 2F
2-2: Ball
3-2: Base on Balls
Jamal Martínez to second
Batting: RHB Chris Young 0-0: SINGLE (Flyball, 8RS)
Jamal Martínez to third
Travis Kramer to second
Runner from 3rd tries for Home, SAFE, no throw
Batting: RHB Billy Forbes 0-0: Ball
1-0: Called Strike
1-1: Ball
2-1: Foul Ball, location: 2F
2-2: Strikes out swinging
Batting: RHB Sam Robinson 0-0: Ball
1-0: Ball
2-0: Ball
3-0: Base on Balls
Travis Kramer to third
Chris Young to second
Batting: RHB Johnny Carson 0-0: Ball
1-0: Ball
2-0: Foul Ball, location: 2F
2-1: Swinging Strike
2-2: Reached on error, E5 (Groundball, 5L)
Travis Kramer scores
Chris Young to third
Sam Robinson to second
Batting: LHB Nick Moore 0-0: Foul Ball, location: 2F
0-1: SINGLE (Flyball, 89S)
Chris Young scores
Sam Robinson to third
Johnny Carson to second
Runner from 3rd tries for Home, SAFE, no throw
Batting: RHB Ken Jenkins 0-0: Called Strike
0-1: Foul Ball, location: 2F
0-2: Foul Ball, location: 2F
0-2: Ball
1-2: Strikes out swinging
Top of the 2nd over - 4 runs, 3 hits, 1 error, 2 left on base; Kentucky 7 - Southern California 0
BOTTOM OF THE 2ND
Southern California Trojans batting - Pitching for Kentucky Wildcats : LHP Matthew Samuels
Batting: RHB Chris Bennett 0-0: Called Strike
0-1: SINGLE (Line Drive, 4MD)
Batting: RHB William Pérez 0-0: Ball
1-0: Ball
2-0: Ball
3-0: Called Strike
3-1: Swinging Strike
3-2: Foul Ball, location: 2F
3-2: Base on Balls
Chris Bennett to second
Batting: RHB Keith Jewell 0-0: Ball
1-0: Fly out, F2 (Popup, 23F)
Batting: LHB Dan Clements 0-0: Called Strike
0-1: Ball
1-1: Ball
2-1: Foul Ball, location: 2F
2-2: Foul Ball, location: 2F
2-2: Ball
3-2: Foul Ball, location: 2F
3-2: SINGLE (Flyball, 7LM)
Chris Bennett to third
William Pérez to second
Runner from 3rd tries for Home, SAFE, no throw
Batting: RHB Nick Morris 0-0: Swinging Strike
0-1: Foul Ball, location: 2F
0-2: Ball
1-2: Strikes out swinging
Batting: LHB Vicente Valenzuela 0-0: Swinging Strike
0-1: Ball
1-1: Swinging Strike
1-2: Strikes out swinging
Bottom of the 2nd over - 1 run, 2 hits, 0 errors, 2 left on base; Kentucky 7 - Southern California 1
TOP OF THE 3RD
Kentucky Wildcats batting - Pitching for Southern California Trojans : RHP Russ Hammond
Batting: RHB Jamal Martínez 0-0: Called Strike
0-1: Foul Ball, location: 2F
0-2: Foul Ball, location: 2F
0-2: Foul Ball, location: 2F
0-2: Ball
1-2: Strikes out swinging
Batting: RHB Ken Walsh 0-0: Ball
1-0: Ball
2-0: Foul Ball, location: 2F
2-1: Ball
3-1: Fly out, F9 (Flyball, 9D)
Batting: RHB Travis Kramer 0-0: Ball
1-0: Ball
2-0: Called Strike
2-1: Ball
3-1: Ground out 1-3 (Groundball, P)
Top of the 3rd over - 0 runs, 0 hits, 0 errors, 0 left on base; Kentucky 7 - Southern California 1
BOTTOM OF THE 3RD
Southern California Trojans batting - Pitching for Kentucky Wildcats : LHP Matthew Samuels
Batting: RHB John Graham 0-0: Called Strike
0-1: Ball
1-1: Foul Ball, location: 2F
1-2: SINGLE (Groundball, 6MD)
Batting: RHB Aaron González 0-0: 2-RUN HOME RUN (Flyball, 7D), Distance : 349 ft
Batting: RHB Homer Griffin 0-0: Foul Ball, location: 2F
0-1: Ball
1-1: Ground out 5-3 (Groundball, 5L)
Batting: RHB Chris Bennett 0-0: Ball
1-0: Foul Ball, location: 2F
1-1: Foul Ball, location: 2F
1-2: Ball
2-2: Strikes out swinging, 2-3 out at first.
Batting: RHB William Pérez 0-0: Foul Ball, location: 2F
0-1: Ball
1-1: Ground out 5-3 (Groundball, 56S)
Bottom of the 3rd over - 2 runs, 2 hits, 0 errors, 0 left on base; Kentucky 7 - Southern California 3
TOP OF THE 4TH
Kentucky Wildcats batting - Pitching for Southern California Trojans : RHP Russ Hammond
Batting: RHB Chris Young 0-0: Ball
1-0: Called Strike
1-1: Called Strike
1-2: Strikes out swinging
Pitching: RHP Roberto Montoya
Batting: RHB Billy Forbes 0-0: Ball
1-0: Called Strike
1-1: Ball
2-1: Foul Ball, location: 2F
2-2: Foul Ball, location: 2F
2-2: Ball
3-2: Strikes out swinging
Batting: RHB Sam Robinson 0-0: Ball
1-0: Called Strike
1-1: Foul Ball, location: 2F
1-2: Ball
2-2: DOUBLE (Line Drive, 8LD)
Batting: RHB Johnny Carson 0-0: Called Strike
0-1: Ball
1-1: Ground out 5-3 (Groundball, 56)
Top of the 4th over - 0 runs, 1 hit, 0 errors, 1 left on base; Kentucky 7 - Southern California 3
BOTTOM OF THE 4TH
Southern California Trojans batting - Pitching for Kentucky Wildcats : LHP Matthew Samuels
Batting: RHB Keith Jewell 0-0: Ball
1-0: Swinging Strike
1-1: Called Strike
1-2: Strikes out swinging
Batting: LHB Dan Clements 0-0: Ball
1-0: Foul Ball, location: 2F
1-1: Foul Ball, location: 2F
1-2: Foul Ball, location: 2F
1-2: Ground out 4-3 (Groundball, 4)
Batting: RHB Nick Morris 0-0: Called Strike
0-1: DOUBLE (Line Drive, 3D)
Batting: LHB Vicente Valenzuela 0-0: Foul Ball, location: 2F
0-1: Ball
1-1: 2-RUN HOME RUN (Flyball, 9D), Distance : 342 ft
Batting: RHB John Graham 0-0: Ball
1-0: Swinging Strike
1-1: Foul Ball, location: 2F
1-2: Foul Ball, location: 2F
1-2: Ball
2-2: Fly out, F9 (Flyball, 9D)
Bottom of the 4th over - 2 runs, 2 hits, 0 errors, 0 left on base; Kentucky 7 - Southern California 5
TOP OF THE 5TH
Kentucky Wildcats batting - Pitching for Southern California Trojans : RHP Roberto Montoya
Batting: LHB Nick Moore 0-0: Ball
1-0: Ball
2-0: Swinging Strike
2-1: Ball
3-1: Base on Balls
Batting: RHB Ken Jenkins 0-0: Called Strike
0-1: Ball
1-1: Grounds into double play, 4-6-3 (Groundball, 34)
Batting: RHB Jamal Martínez 0-0: Swinging Strike
0-1: Fly out, F8 (Flyball, 8RM)
Top of the 5th over - 0 runs, 0 hits, 0 errors, 0 left on base; Kentucky 7 - Southern California 5
BOTTOM OF THE 5TH
Southern California Trojans batting - Pitching for Kentucky Wildcats : LHP Matthew Samuels
Batting: RHB Aaron González 0-0: Swinging Strike
0-1: Foul Ball, location: 2F
0-2: Strikes out swinging
Batting: RHB Homer Griffin 0-0: Called Strike
0-1: SINGLE (Groundball, 6MD)
Batting: RHB Chris Bennett 0-0: Called Strike
0-1: SINGLE (Groundball, 6MD)
Homer Griffin to second
Batting: RHB William Pérez 0-0: Ball
1-0: Ball
2-0: Called Strike
2-1: SINGLE (Flyball, 89S)
Homer Griffin to third
Chris Bennett to second
Pitching: RHP Robert Morrison
Batting: RHB Keith Jewell 0-0: Ball
1-0: Called Strike
1-1: Fly out, F3 (Popup, 34S)
Batting: LHB Dan Clements 0-0: Ball
1-0: Called Strike
1-1: Foul Ball, location: 2F
1-2: Ball
2-2: Ball
3-2: Foul Ball, location: 2F
3-2: Ground out 3-1 (Groundball, 34S)
Bottom of the 5th over - 0 runs, 3 hits, 0 errors, 3 left on base; Kentucky 7 - Southern California 5
TOP OF THE 6TH
Kentucky Wildcats batting - Pitching for Southern California Trojans : RHP Roberto Montoya
Batting: RHB Ken Walsh 0-0: Ball
1-0: Called Strike
1-1: Foul Ball, location: 2F
1-2: Ground out U3 (Groundball, 34)
Batting: RHB Travis Kramer 0-0: Called Strike
0-1: Called Strike
0-2: Ball
1-2: Ball
2-2: Ball
3-2: Foul Ball, location: 2F
3-2: Fly out, F9 (Flyball, 89S)
Batting: RHB Chris Young 0-0: Called Strike
0-1: Ball
1-1: SOLO HOME RUN (Flyball, 9LD), Distance : 331 ft
Batting: RHB Billy Forbes 0-0: Foul Ball, location: 2F
0-1: Ball
1-1: Foul Ball, location: 2F
1-2: Ground out 6-3 (Groundball, 56D)
Top of the 6th over - 1 run, 1 hit, 0 errors, 0 left on base; Kentucky 8 - Southern California 5
BOTTOM OF THE 6TH
Southern California Trojans batting - Pitching for Kentucky Wildcats : RHP Robert Morrison
Batting: RHB Nick Morris 0-0: SINGLE (Line Drive, 89S)
Batting: LHB Vicente Valenzuela 0-0: Swinging Strike
0-1: Ball
1-1: Fly out, F3 (Line Drive, 3)
Batting: RHB John Graham 0-0: Fly out, F5 (Line Drive, 56)
Batting: RHB Aaron González 0-0: Foul Ball, location: 2F
0-1: Ball
1-1: Ball
2-1: Foul Ball, location: 2F
2-2: Ball
3-2: Base on Balls
Nick Morris to second
Batting: RHB Homer Griffin 0-0: Ground out 4-3 (Groundball, 4)
Bottom of the 6th over - 0 runs, 1 hit, 0 errors, 2 left on base; Kentucky 8 - Southern California 5
TOP OF THE 7TH
Kentucky Wildcats batting - Pitching for Southern California Trojans : RHP Roberto Montoya
Batting: RHB Sam Robinson 0-0: Ball
1-0: Foul Ball, location: 2F
1-1: Foul Ball, location: 2F
1-2: Fly out, F7 (Flyball, 78M)
Batting: RHB Johnny Carson 0-0: Ball
1-0: Ball
2-0: Fly out, F9 (Line Drive, 89M)
Batting: LHB Nick Moore 0-0: Called Strike
0-1: Ball
1-1: Called Strike
1-2: Ground out 1-3 (Groundball, 13S)
Top of the 7th over - 0 runs, 0 hits, 0 errors, 0 left on base; Kentucky 8 - Southern California 5
BOTTOM OF THE 7TH
Southern California Trojans batting - Pitching for Kentucky Wildcats : RHP Robert Morrison
Batting: RHB Chris Bennett 0-0: Ball
1-0: Fly out, F5 (Line Drive, 5)
Batting: RHB William Pérez 0-0: Ball
1-0: Ball
2-0: Called Strike
2-1: Fly out, F9 (Flyball, 9)
Batting: RHB Keith Jewell 0-0: Ball
1-0: Called Strike
1-1: Called Strike
1-2: Ball
2-2: SINGLE (Groundball, 6D)
Batting: LHB Dan Clements 0-0: Ball
1-0: Foul Ball, location: 2F
1-1: Ball
2-1: SINGLE (Line Drive, 89S)
Keith Jewell to second
Batting: RHB Nick Morris 0-0: Ball
1-0: Ball
2-0: Fielders Choice at 2nd, 6-4 (Groundball, 6)
Bottom of the 7th over - 0 runs, 2 hits, 0 errors, 2 left on base; Kentucky 8 - Southern California 5
TOP OF THE 8TH
Kentucky Wildcats batting - Pitching for Southern California Trojans : RHP Roberto Montoya
Batting: RHB Ken Jenkins 0-0: Ball
1-0: SOLO HOME RUN (Flyball, 7D), Distance : 363 ft
Batting: RHB Jamal Martínez 0-0: Foul Ball, location: 2F
0-1: Ball
1-1: Ball
2-1: Foul Ball, location: 2F
2-2: Ball
3-2: Strikes out swinging
Batting: RHB Ken Walsh 0-0: Ball
1-0: SINGLE (Line Drive, 89S)
Pitching: RHP Gerald Hood
Batting: RHB Travis Kramer 0-0: Called Strike
0-1: Fielders Choice at 2nd, 1-4 (Groundball, 15)
Batting: RHB Chris Young 0-0: Ball
1-0: Called Strike
1-1: Ground out 4-3 (Groundball, 4)
Top of the 8th over - 1 run, 2 hits, 0 errors, 1 left on base; Kentucky 9 - Southern California 5
BOTTOM OF THE 8TH
Southern California Trojans batting - Pitching for Kentucky Wildcats : RHP Robert Morrison
Batting: LHB Vicente Valenzuela 0-0: SINGLE (Line Drive, 8LS)
Batting: RHB John Graham 0-0: Ball
1-0: Foul Ball, location: 2F
1-1: SINGLE (Line Drive, 4D)
Vicente Valenzuela to second
Batting: RHB Aaron González 0-0: Foul Ball, location: 2F
0-1: Swinging Strike
0-2: Fly out, F9 (Flyball, 9S)
Batting: RHB Homer Griffin 0-0: Foul Ball, location: 2F
0-1: Foul Ball, location: 2F
0-2: Ball
1-2: Ball
2-2: Ball
3-2: Foul Ball, location: 2F
3-2: Grounds into double play, 5-4-3 (Groundball, 56)
Bottom of the 8th over - 0 runs, 2 hits, 0 errors, 1 left on base; Kentucky 9 - Southern California 5
TOP OF THE 9TH
Kentucky Wildcats batting - Pitching for Southern California Trojans : RHP Gerald Hood
Batting: RHB Billy Forbes 0-0: Ball
1-0: Fly out, F7 (Flyball, 7S)
Batting: RHB Sam Robinson 0-0: Called Strike
0-1: Ball
1-1: Ball
2-1: Swinging Strike
2-2: Strikes out swinging
Batting: RHB Johnny Carson 0-0: Swinging Strike
0-1: Ball
1-1: Swinging Strike
1-2: Foul Ball, location: 2F
1-2: Foul Ball, location: 2F
1-2: Foul Ball, location: 2F
1-2: Ball
2-2: Ball
3-2: Base on Balls
Batting: LHB Nick Moore 0-0: Called Strike
0-1: Ground out 6-3 (Groundball, 6S)
Top of the 9th over - 0 runs, 0 hits, 0 errors, 1 left on base; Kentucky 9 - Southern California 5
BOTTOM OF THE 9TH
Southern California Trojans batting - Pitching for Kentucky Wildcats : RHP Robert Morrison
Batting: RHB Chris Bennett 0-0: Called Strike
0-1: Ball
1-1: Ball
2-1: Foul Ball, location: 2F
2-2: Ball
3-2: Base on Balls
Pitching: RHP Rafael Hernández
Batting: RHB William Pérez 0-0: Called Strike
0-1: Called Strike
0-2: Foul Ball, location: 2F
0-2: Strikes out looking
Batting: RHB Keith Jewell 0-0: Ball
1-0: Ball
2-0: Ball
3-0: Foul Ball, location: 2F
3-1: SINGLE (Groundball, 4MD)
Chris Bennett to second
Pitching: RHP Carlos García
Batting: LHB Dan Clements 0-0: Called Strike
0-1: Foul Ball, location: 2F
0-2: Strikes out swinging
Batting: RHB Nick Morris 0-0: Foul Ball, location: 2F
0-1: Called Strike
0-2: Fielders Choice at 2nd, 5-4 (Groundball, 5)
Bottom of the 9th over - 0 runs, 1 hit, 0 errors, 2 left on base; Kentucky 9 - Southern California 5
Saturday, April 7th, 2018 - OOTP Baseball 18.8 Build 76